 Dungeon Crawl Stone Soup version 0.29.0-4-gdea44cf6ec (webtiles) character file.

Game seed: 13738709159522831584

214 qw the Chopper (level 5, -3/30 HPs)
             Began as a Tengu Warper on Aug 28, 2022.
             Slain by a gnoll
             ... wielding a +0 whip
              (5 damage)
             ... on level 3 of the Dungeon.
             The game lasted 00:00:13 (3154 turns).

qw the Chopper (Tengu Warper)                       Turns: 3154, Time: 00:00:14

Health: -3/30      AC:  3    Str: 13    XL:     5   Next: 91%
Magic:  9/9        EV: 14    Int: 13    God:
Gold:   94         SH:  0    Dex: 14    Spells: 8/8 levels left

rFire   . . .      SeeInvis .   Y - +0 hand axe
rCold   . . .      Faith    .   (no shield)
rNeg    . . .      Spirit   .   b - +0 leather armour
rPois   .          Reflect  .   (helmet restricted)
rElec   .          Harm     .   (no cloak)
rCorr   .          Rampage  .   (no gloves)
Will    .....                   (boots unavailable)
Stlth   +.........              (no amulet)
HPRegen 0.10/turn               (no ring)
MPRegen 0.11/turn               (no ring)

@: flying quickly and evasively, quick
A: beak, talons 3, nimble flight
a: no special abilities


You were on level 3 of the Dungeon.
You visited 1 branch of the dungeon, and saw 3 of its levels.

You collected 94 gold pieces.


Innate Abilities, Weirdness & Mutations

You have a beak for a mouth.
You have claws for feet.
Your magical nature lets you fly swiftly and evasively.


   Skills:
 - Level 2.0 Fighting
 + Level 6.5 Axes
 - Level 1.0 Throwing
 - Level 1.1 Armour
 - Level 2.1 Dodging
 - Level 2.0 Spellcasting
 - Level 2.4 Translocations


You had 8 spell levels left.
You didn't know any spells.
Your spell library contained the following spells:

 Spells                   Type           Power      Damage    Failure   Level
 Blink                    Tloc           14%        N/A       19%         2
 Gell's Gravitas          Tloc           7%         N/A       36%         3
 Lesser Beckoning         Tloc           7%         N/A       36%         3
 Teleport Other           Tloc           7%         N/A       36%         3
 Manifold Assault         Tloc           7%         N/A       98%         5

Inventory:

Hand Weapons
 g - a +0 whip
 Y - a +0 hand axe (weapon)
Missiles
 f - 6 boomerangs (quivered)
Armour
 b - a +0 leather armour (worn)
Jewellery
 c - a ring of protection from fire
Scrolls
 a - a scroll of identify
 i - a scroll of enchant armour {unknown}
Potions
 d - a potion of curing {unknown}
 e - a potion of ambrosia {unknown}
 h - a potion of flight {unknown}

Dungeon Overview and Level Annotations

Branches:
Dungeon (3/15)

Altars:
Cheibriados
Gozag

Shops:
D:1 ((


Message History

You hit the orc priest but do no damage.
The gnoll completely misses you. The kobold barely misses you.
The orc priest barely misses you.
You closely miss the kobold. You peck the kobold.
You kill the kobold!
You hit the gnoll. You hit the orc priest. The gnoll misses you.
The orc priest barely misses you.
You hit the gnoll. Your peck misses the gnoll.
The gnoll is moderately wounded.
You hit the orc priest. The gnoll hits you with a +0 whip.
The orc priest misses you.
You hit the orc priest.
The orc priest is heavily wounded.
You barely miss the gnoll.
The orc priest looks braver for a moment.
You barely miss the orc priest.
The orc priest is heavily wounded.
You hit the gnoll but do no damage. The gnoll misses you.
The orc priest misses you.
You closely miss the orc priest. You claw the orc priest!
You kill the orc priest!
You hit the gnoll. x2; You barely miss the gnoll.
The gnoll closely misses you. The gnoll completely misses you.
The gnoll barely misses you.
You barely miss the gnoll.
The gnoll is moderately wounded.
You hit the gnoll. x2
The gnoll hits you with a +0 whip! The gnoll closely misses you.
The gnoll misses you.
You barely miss the gnoll. Your kick misses the gnoll.
Your peck misses the gnoll.
The gnoll is heavily wounded.
You barely miss the gnoll. You hit the gnoll.
The gnoll hits you with a +0 whip. The gnoll closely misses you.
The gnoll hits you with a +0 whip.
You hit the gnoll but do no damage. You peck the gnoll.
You kill the gnoll!
You hit the gnoll but do no damage. You hit the gnoll. The gnoll misses you.
The gnoll hits you with a +0 whip.
You die...

#.....#...........
.#####.................
.........#.............
##.....................
#......................
#......................
##......................
......gg................
#...).)@...........#....
#.....)...........######
..#..............##
##.....##.....##
##############


You could see 2 gnolls.

Vanquished Creatures
  A necrophage (D:2)
  An orc priest (D:3)
  2 gnolls (D:3)
  3 adders (D:2)
  4 dart slugs
  2 orcs (D:3)
  8 bats
  6 endoplasms
  5 giant cockroaches
  6 goblins
  7 hobgoblins
  9 jackals
  6 kobolds
  3 quokkas
  4 ball pythons
  2 frilled lizards (D:2)
  3 rats
72 creatures vanquished.

Notes
Turn   | Place    | Note
-------+----------+-------------------------------------------
     0 | D:1      | qw the Tengu Warper began the quest for the Orb.
     0 | D:1      | Reached XP level 1. HP: 12/12 MP: 4/4
     0 | D:1      | 0 ||| qw: Version: 0.1-a-89-g26bdef1
     0 | D:1      | 0 ||| qw: Game counter: 2439
     0 | D:1      | 0 ||| qw: Always use a shield: true
     0 | D:1      | 0 ||| qw: God list: Okawaru
     0 | D:1      | 0 ||| qw: Allow faded altars: false
     0 | D:1      | 0 ||| qw: Do Orc after D:15 true
     0 | D:1      | 0 ||| qw: Do second Lair branch before Depths: true
     0 | D:1      | 0 ||| qw: Lair rune preference: random
     0 | D:1      | 0 ||| qw: Plans: Normal
     0 | D:1      | 0 ||| PLANNING D:1-11
    43 | D:1      | HP: 2/12 [kobold/+4 short sword of speed (4)]
   285 | D:1      | Reached XP level 2. HP: 10/17 MP: 6/6
   451 | D:1      | Reached skill level 3 in Axes
   735 | D:1      | 735 ||| DROPPING +0 club.
   824 | D:1      | Found Laadaum's Weapon Shoppe.
   828 | D:1      | 828 ||| SHOPLISTING +4 hand axe (350 gold, have 12).
   898 | D:1      | Found Hujafe's Antique Weapon Emporium.
   909 | D:1      | Reached XP level 3. HP: 13/21 MP: 7/7
  1054 | D:1      | Reached skill level 4 in Axes
  1373 | D:1      | 1373 ||| READING 2 scrolls labelled BAWETU DAEMOUN.
  1374 | D:1      | 1374 ||| DROPPING scroll of blinking.
  1529 | D:2      | Found an opulent altar of Gozag.
  1570 | D:2      | 1570 ||| Stepping randomly (stuck).
  1641 | D:2      | HP: 5/21 [poisoned by an adder]
  1893 | D:2      | Reached XP level 4. HP: 25/26 MP: 8/8
  1959 | D:2      | 1959 ||| Stepping ~*~*~tactically~*~*~ (stealth).
  1960 | D:2      | 1960 ||| Stepping ~*~*~tactically~*~*~ (stealth).
  1961 | D:2      | 1961 ||| Stepping ~*~*~tactically~*~*~ (stealth).
  2051 | D:2      | 2051 ||| FLEEEEING.
  2052 | D:2      | 2052 ||| FLEEEEING.
  2198 | D:2      | 2198 ||| Stepping ~*~*~tactically~*~*~ (stealth).
  2355 | D:2      | 2355 ||| READING 2 scrolls of identify.
  2355 | D:2      | 2355 ||| IDENTIFYING fizzy sapphire potion
  2356 | D:2      | 2356 ||| DROPPING potion of magic.
  2357 | D:2      | 2357 ||| Stepping randomly (stuck).
  2358 | D:2      | 2358 ||| Stepping randomly (stuck).
  2408 | D:2      | Noticed a necrophage
  2416 | D:2      | Killed a necrophage
  2417 | D:2      | Reached skill level 5 in Axes
  2417 | D:2      | Gained mutation: Your magical nature lets you fly swiftly
                  | and evasively. [Tengu growth]
  2417 | D:2      | Reached XP level 5. HP: 30/30 MP: 9/9
  2636 | D:2      | Reached skill level 6 in Axes
  2940 | D:3      | 2940 ||| Stepping ~*~*~tactically~*~*~ (stealth).
  2941 | D:3      | 2941 ||| Stepping ~*~*~tactically~*~*~ (stealth).
  2942 | D:3      | 2942 ||| Stepping ~*~*~tactically~*~*~ (stealth).
  3102 | D:3      | Found a snail-covered altar of Cheibriados.
  3153 | D:3      | HP: 4/30 [gnoll/+0 whip (5)]
  3154 | D:3      | Slain by a gnoll

Levels and vault maps discovered:
D:1:      dpeg_arrival_tiny_i, layout_basic, serial_shops, shop_fountains, shop
D:2:      layout_loops_ring, serial_co_window_serial, co_window_paths_a,
          co_window_of_opportunity_a, co_window_corner_a, co_window_corner_a,
          co_window_paths_a, co_window_unsneaky_path_e, co_window_corner_cb,
          co_window_2corner, co_window_paths_c, co_window_4corner_b,
          co_window_paths_d, basic_altar
D:3:      layout_rooms, grunt_temple_overflow_open, kennysheep_slug_shrine,
          serial_shops, nicolae_lakefront_shop, basic_ecumenical_altar,
          corner_web_ring, kennysheep_decorative_pillar,
          chequers_serial_rivers_micro_d

Skill      XL: |  1  2  3  4  5 |
---------------+----------------+-----
Axes           | 3 4 5 6 |  6.5
Fighting       | |  2.0
Throwing       | |  1.0
Armour         | |  1.1
Dodging        | |  2.1
Spellcasting   | |  2.0
Translocations | |  2.4

Action                   |  1- 3 |  4- 6 || total
-------------------------+-------+-------++-------
Melee: Hand axe          |    86 |    66 ||   152
       Kick              |    21 |    11 ||    32
       Peck              |     4 |     7 ||    11
       Punch             |     2 |       ||     2
Throw: Boomerang         |     7 |    32 ||    39
  Use: Scroll            |     1 |     1 ||     2
Armor: Leather armour    |    30 |    12 ||    42
Dodge: Dodged            |    52 |    55 ||   107

Table legend:
 A = Non-vault XP
 B = Vault XP
 C = Vault XP percentage of total XP
 D = Non-vault monster count
 E = Vault monster count
 F = Vault count percentage of total count
                 A         B        C        D         E       F
            +---------+---------+-------+---------+---------+-------
      Total |     316 |       4 |   1.2 |      71 |       1 |   1.4
            +---------+---------+-------+---------+---------+-------
        D:1 |      54 |       0 |   0.0 |      28 |       0 |   0.0
        D:2 |     173 |       0 |   0.0 |      30 |       0 |   0.0
        D:3 |      89 |       4 |   4.3 |      13 |       1 |   7.1
            +---------+---------+-------+---------+---------+-------
